 Dungeon Crawl Stone Soup version 0.28-a0-779-g3d1f99b579 (webtiles) character file.

Game seed: 8204066525727806989

32 kae the Ruffian (level 3, -1/29 HPs)
             Began as a Draconian Transmuter on Nov 2, 2021.
             Slain by an adder (2 damage)
             ... on level 1 of the Dungeon.
             The game lasted 00:01:23 (1488 turns).

kae the Ruffian (Draconian Transmuter)              Turns: 1488, Time: 00:01:24

Health: -1/29      AC:  5    Str: 12    XL:     3   Next: 8%
Magic:  5/6        EV: 12    Int: 14    God:
Gold:   64         SH:  0    Dex: 11    Spells: 2/6 levels left

rFire   . . .      SeeInvis .     - Unarmed
rCold   . . .      Faith    .   (no shield)
rNeg    . . .      Spirit   .   (armour unavailable)
rPois   .          Reflect  .   (helmet currently unavailable)
rElec   .          Harm     .   (no cloak)
rCorr   .          Rampage  .   (no gloves)
Will    .....                   (boots currently unavailable)
Stlth   +.........              (no amulet)
HPRegen 0.09/turn               (no ring)
MPRegen 0.10/turn               (no ring)

@: lethally poisoned (-1 -> -3), appendages
A: horns 2, talons 2, AC +5, unfitting armour, cold-blooded
a: End Transformation


You were on level 1 of the Dungeon.
You had temporarily grown beastly horns and talons.
You visited 1 branch of the dungeon, and saw 2 of its levels.

You collected 64 gold pieces.

Inventory:

Scrolls
 b - a scroll of enchant armour {unknown}
Potions
 a - a potion of attraction {unknown}


   Skills:
 + Level 1.7 Fighting
 + Level 2.1 Dodging
 * Level 3.4 Unarmed Combat
 + Level 2.2 Spellcasting
 + Level 2.2 Transmutations
 * Level 0.1 Poison Magic


You had 2 spell levels left.
You knew the following spells:

 Your Spells              Type           Power      Damage    Failure   Level
a - Beastly Appendage     Tmut           14%        N/A       10%         1
b - Spider Form           Tmut/Pois      4%         N/A       38%         3

Your spell library contained the following spells:

 Spells                   Type           Power      Damage    Failure   Level
 Wereblood                Tmut           7%         N/A       14%         2
 Ice Form                 Ice/Tmut       4%         N/A       82%         4


Dungeon Overview and Level Annotations

Branches:
Dungeon (2/15)

Altars:

Annotations:
D:2 Terence


Innate Abilities, Weirdness & Mutations

You have temporarily grown beastly horns and talons.
Your plain brown scales are hard. (AC +5)
You cannot fit into any form of body armour.
You are cold-blooded and may be slowed by cold attacks.


Message History

You tail-slap Terence, but do no damage.
Terence hits you with a +0 short sword.
You barely miss Terence. The adder closely misses you.
The adder barely misses you. Terence barely misses you.
There are monsters nearby!
You completely miss Terence. You tail-slap Terence.
Terence is lightly wounded.
The adder completely misses you.
You hit Terence but do no damage.
Terence is lightly wounded.
Terence hits you with a +0 short sword. The adder bites you.
You are poisoned.
The adder poisons you!
You closely miss Terence.
Terence is lightly wounded.
You feel sick. Terence hits you with a +0 short sword. The adder bites you.
You are too injured to fight recklessly!
You feel sick. Terence misses you.
You feel sick. The adder misses you.
Your magical contamination has completely faded away.
You feel sick.
You are no longer poisoned.
The adder bites you. Terence says, "Did you write a will?
You should..."
The adder closely misses you.
There is a stone staircase leading up here.
The adder bites you.
You are poisoned.
The adder poisons you!
You climb upwards.
You feel sick.
There is a stone staircase leading down here.
You barely miss the adder.
You feel sick. The adder barely misses you.
Casting: Beastly Appendage (safe; 10% risk of failure)
Confirm with . or Enter, or press ? or * to list all spells.
You grow a pair of large bovine horns.
Your feet morph into talons.
You feel sick. The adder bites you.
* * * LOW HITPOINT WARNING * * *
* * * LOW HITPOINT WARNING * * *
You feel sick. The adder bites you.
You die...

### #.# ###### #.# #
#....# #.# #
#....###.##########
#.@................
#.S......##########
#....###.##########
##..............†..
##.####...........
######.# #.#####.###.
#......# #.# #.###.
######.##########.....
#................


You could see an adder.

Vanquished Creatures
  A ball python (D:1)
  4 endoplasms (D:1)
  A giant cockroach (D:1)
  4 goblins (D:1)
  4 jackals (D:1)
  3 quokkas (D:1)
  5 bats (D:1)
  3 frilled lizards (D:1)
  A kobold (D:1)
  2 rats (D:1)
28 creatures vanquished.

Notes
Turn   | Place    | Note
-------+----------+-------------------------------------------
     0 | D:1      | kae the Draconian Transmuter began the quest for the Orb.
     0 | D:1      | Reached XP level 1. HP: 16/16 MP: 3/3
   363 | D:1      | Reached XP level 2. HP: 13/23 MP: 3/5
  1208 | D:1      | Reached XP level 3. HP: 29/29 MP: 4/6
  1212 | D:1      | Learned a level 3 spell: Spider Form
  1371 | D:1      | Found a faded altar of an unknown god.
  1470 | D:2      | Noticed Terence
  1488 | D:1      | HP: 1/29 [poisoned by an adder]
  1488 | D:1      | Slain by an adder

Illustrated notes

Levels and vault maps discovered:
D:1:      minmay_arrival_wavy_path, layout_basic,
          shapermc_ecumenical_altar_petra
D:2:      layout_basic, serial_bayou_lake_a, uniq_terence, uniq_robin

Skill      XL: |  1  2 |
---------------+-------+-----
Dodging        | 2 |  2.1
Fighting       | |  1.7
Unarmed Combat | |  3.4
Spellcasting   | |  2.2
Transmutations | |  2.2
Poison Magic   | |  0.1

Action                   || total
-------------------------++-------
Melee: Unarmed           ||    97
       Tailslap          ||    10
       Kick              ||    10
       Headbutt          ||     7
       Punch             ||     1
 Cast: Beastly Appendage ||    18
Armor: Skin              ||    42
Dodge: Dodged            ||   113

Table legend: (Time is in decaauts)
 A = Elapsed time spent in this place.
 B = Non-inter-level travel time spent in this place.
 C = Inter-level travel time spent in this place.
 D = Time resting spent in this place.
 E = Time spent auto-exploring this place.
 F = Levels seen in this place.
 G = Mean time per level.
                   A        B        C        D        E       F      G
               +--------+--------+--------+--------+--------+-----+--------+
         Total |   1485 |   1482 |      3 |      5 |   1230 |   2 |  742.5 |
       Dungeon |   1485 |   1482 |      3 |      5 |   1230 |   2 |  742.5 |
               +--------+--------+--------+--------+--------+-----+--------+

Top non-repeatable levels by time:
     D:1: 1432 daAuts
     D:2: 52 daAuts
